 Dungeon Crawl Stone Soup version 0.30-a0-439-g9e77e4d916 (webtiles) character file.

Game seed: 4559728699146069143

181 AigisTheKnight the Firebug (level 5, 38/38 HPs)
             Began as a Demonspawn Fire Elementalist on Dec 10, 2022.
             Quit the game on level 3 of the Dungeon.
             The game lasted 00:03:43 (2401 turns).

AigisTheKnight the Firebug (DsFE)                   Turns: 2401, Time: 00:03:43

Health: 38/38      AC:  4    Str:  9    XL:     5   Next: 34%
Magic:  6/9        EV: 12    Int: 18    God:
Gold:   50         SH:  0    Dex: 13    Spells: 8/9 levels left

rFire   . . .      SeeInvis .    n - +2 whip (drain)
rCold   . . .      Faith    .    (no shield)
rNeg    . . .      Spirit   .    a - +0 robe
rPois   .          Reflect  .    (no helmet)
rElec   .          Harm     .    (no cloak)
rCorr   .          Rampage  .    (no gloves)
Will    .....                    (no boots)
Stlth   ++........               (no amulet)
HPRegen 0.26/turn                (no ring)
MPRegen 0.11/turn                (no ring)

@: no status effects
A: slimy green scales 1, spiny 1, demonic touch 1
a: no special abilities


You were on level 3 of the Dungeon.
You visited 1 branch of the dungeon, and saw 3 of its levels.

You collected 50 gold pieces.

Inventory:

Hand Weapons
 d - a +0 short sword
 n - a +2 whip of draining (weapon)
Missiles
 g - 5 javelins
Armour
 a - a +0 robe (worn)
Jewellery
 i - a ring of poison resistance
Wands
 j - a wand of roots (14)
Scrolls
 c - a scroll of fear {unknown}
 e - 4 scrolls of identify {unknown}
 m - a scroll of poison {unknown}
Potions
 b - a potion of magic
 f - a potion of haste {unknown}
 h - 3 potions of curing {unknown}
 k - a potion of heal wounds {unknown}
 l - a potion of berserk rage {unknown}


   Skills:
 + Level 2.1 Fighting
 + Level 2.6 Dodging
 + Level 1.8 Stealth
 + Level 2.9 Spellcasting
 + Level 2.3 Conjurations
 + Level 3.4 Fire Magic


You had 8 spell levels left.
You knew the following spells:

 Your Spells              Type           Power      Damage    Failure   Level
a - Foxfire               Conj/Fire      52%        2x1d6     4%          1

Your spell library contained the following spells:

 Spells                   Type           Power      Damage    Failure   Level
 Scorch                   Fire           28%        2d6       6%          2
 Inner Flame              Hex/Fire       8%         N/A       24%         3
 Ensorcelled Hibernation  Hex/Ice        4%         N/A       26%         2
 Kindle Blastsparks       Fire/Tloc/Air  12%        2d11      30%         3
 Spider Form              Tmut/Pois      2%         N/A       45%         3
 Flame Wave               Conj/Fire      13%        2d6       45%         4
 Anguish                  Hex/Necr       1%         N/A       86%         4
 Olgreb's Toxic Radiance  Pois           2%         N/A       86%         4
 Ozocubu's Refrigeration  Ice            1%         4d7       100%        7
 Ignition                 Fire           7%         3d4       100%        8


Dungeon Overview and Level Annotations

Branches:
Dungeon (3/15)

Altars:


Innate Abilities, Weirdness & Mutations

You are partially covered in slimy green scales. (AC +2)
You are partially covered in sharp spines.
Your touch may inflict minor irresistible damage on your foes.


Message History

A bat is nearby!
A bat is nearby!
Casting: Foxfire (safe; 4% risk of failure)
Confirm with . or Enter, or press ? or * to list all spells.
You conjure some foxfire!
Casting: Foxfire (safe; 4% risk of failure)
Confirm with . or Enter, or press ? or * to list all spells.
You conjure some foxfire!
The foxfire hits the bat.
You kill the bat!
Unknown command.
Casting: Foxfire (safe; 4% risk of failure)
Confirm with . or Enter, or press ? or * to list all spells.
You conjure some foxfire!
Your foxfire dissipates!
Your foxfire dissipates! x2
Your foxfire dissipates! x2
Magic restored.
A worm comes into view.
A worm is nearby!
A worm is nearby!
A worm is nearby!
A scorpion comes into view.
Casting: Foxfire (safe; 4% risk of failure)
Confirm with . or Enter, or press ? or * to list all spells.
You conjure some foxfire!
Unknown command.
Casting: Foxfire (safe; 4% risk of failure)
Confirm with . or Enter, or press ? or * to list all spells.
You conjure some foxfire!
The foxfire hits the worm.
The worm is moderately wounded.
Unknown command.
Casting: Foxfire (safe; 4% risk of failure)
Confirm with . or Enter, or press ? or * to list all spells.
You conjure some foxfire!
The foxfire hits the worm.
The worm is moderately wounded.
The foxfire hits the worm.
The worm is heavily wounded.
The foxfire hits the worm.
The worm is heavily wounded.
Are you sure you want to abandon this character and quit the game? (Confirm with "yes".)

#......# .......
#......# #........
#......# #........
#......###........
#...†.............
#.......##........
##'#+##.##........
#†#.....v§.......
#.######v@.w...s.
#.# ##§##...## #.#
#.# ..# #.# #.. #
#.# ##.. #+# ###


You could see a worm (ally target) and a scorpion (asleep).

Vanquished Creatures
  Jessica (D:2)
  Natasha (thrice) (D:2 D:1)
  3 adders
  A worm (D:2)
  A dart slug (D:1)
  10 bats
  5 endoplasms
  A giant cockroach (D:1)
  4 goblins
  4 hobgoblins
  A quokka (D:1)
  3 ball pythons
  6 frilled lizards
  5 kobolds
  7 rats
55 creatures vanquished.

Vanquished Creatures (others)
  146 foxfires
146 creatures vanquished.

Grand Total: 201 creatures vanquished

Notes
Turn   | Place    | Note
-------+----------+-------------------------------------------
     0 | D:1      | AigisTheKnight the Demonspawn Fire Elementalist began the
                  | quest for the Orb.
     0 | D:1      | Reached XP level 1. HP: 13/13 MP: 3/3
   282 | D:1      | Gained mutation: You are partially covered in slimy green
                  | scales. (AC +2) [demonic ancestry]
   282 | D:1      | Reached XP level 2. HP: 20/20 MP: 1/5
   787 | D:1      | Reached skill level 1 in Fighting
   964 | D:2      | Noticed Natasha
   969 | D:2      | Killed Natasha
   970 | D:2      | Reached skill level 3 in Fire Magic
   970 | D:2      | Reached XP level 3. HP: 26/26 MP: 0/6
   998 | D:2      | Noticed Natasha
  1010 | D:2      | Killed Natasha
  1011 | D:2      | Gained mutation: You are partially covered in sharp spines.
                  | [demonic ancestry]
  1011 | D:2      | Reached XP level 4. HP: 11/32 MP: 0/7
  1286 | D:2      | Noticed Natasha
  1296 | D:1      | Killed Natasha
  1647 | D:2      | Noticed Jessica
  1657 | D:2      | Killed Jessica
  1658 | D:2      | Gained mutation: Your touch may inflict minor irresistible
                  | damage on your foes. [demonic ancestry]
  1658 | D:2      | Reached XP level 5. HP: 38/38 MP: 2/9
  2401 | D:3      | Quit the game

Illustrated notes

Levels and vault maps discovered:
D:1:      ncdulo_smallfort, layout_loops_ring
D:2:      layout_loops_ring, minmay_tetromino_s4, uniq_jessica, uniq_natasha
D:3:      layout_basic, grunt_qazlal_sundering, hangedman_ru_absence,
          yredelemnul_forgotten_temple_becter, serial_shops,
          nicolae_shop_statue_plus

Skill      XL: |  1  2  3  4 |
---------------+-------------+-----
Dodging        | 2 |  2.6
Fighting       | 1 2 |  2.1
Fire Magic     | 3 |  3.4
Conjurations   | 2 |  2.3
Stealth        | |  1.8
Spellcasting   | |  2.9

Action                   |  1- 3 |  4- 6 || total
-------------------------+-------+-------++-------
Melee: Short sword       |    57 |    10 ||    67
       Unarmed           |     3 |       ||     3
       Punch             |     1 |       ||     1
       Whip              |       |     3 ||     3
 Cast: Foxfire           |    31 |    72 ||   103
Armor: Robe              |    17 |     2 ||    19
Dodge: Dodged            |    36 |    10 ||    46

Table legend: (Time is in decaauts)
 A = Elapsed time spent in this place.
 B = Non-inter-level travel time spent in this place.
 C = Inter-level travel time spent in this place.
 D = Time resting spent in this place.
 E = Time spent auto-exploring this place.
 F = Levels seen in this place.
 G = Mean time per level.
                   A        B        C        D        E       F      G
               +--------+--------+--------+--------+--------+-----+--------+
         Total |   2422 |   2268 |    154 |     75 |   1778 |   3 |  807.3 |
       Dungeon |   2422 |   2268 |    154 |     75 |   1778 |   3 |  807.3 |
               +--------+--------+--------+--------+--------+-----+--------+

Top non-repeatable levels by time:
     D:2: 1182 daAuts
     D:1: 1127 daAuts
     D:3: 112 daAuts
